Map: Ruins of Seras

Players

Pure - Winner!

  • Race: Protoss Protoss
  • League: Diamond

EndOfLine

  • Race: Zerg Zerg
  • League: Master

Event: ASL Season 5 Prime League LOTV Beta

VOD

Have the link to the VOD?

Description

Time

  • Played on: Sept. 1, 2015, 11:05 p.m.
  • Length: 13:29

All games in this series

Show
View Real Time Build Order
Export as new Build Order

Pure Protoss - Winner!

Build Orders: Nexus First 

Get SALT Encoding   

  12  0:01  Probe  
  13  0:13  Probe  
  14  0:19  Pylon  
  14  0:25  Probe  
  15  0:37  Probe  
  16  0:49  Probe  
  17  1:01  Nexus  
  17  1:06  Probe  
  18  1:15  Gateway  
  18  1:19  Probe  
  18  1:23  Assimilator  
  19  1:31  Probe  
  20  1:34  Assimilator  
  20  1:43  Probe  
  21  1:55  Probe  
  21  1:59  Pylon  
  22  2:05  Pylon  
  22  2:07  Probe  
  23  2:09  Cybernetics Core  
  23  2:13  Probe  
  24  2:17  Zealot  
  24  2:19  Probe  
  27  2:26  Probe  
  28  2:31  Probe, Warp Gate  
  29  2:38  Probe  
  29  2:43  Probe  
  31  2:48  Stalker  
  31  2:50  Probe  
  34  2:56  Mothership Core  
  36  3:00  Twilight Council  
  36  3:03  Probe  
  37  3:08  Pylon  
  37  3:15  Probe  
  37  3:17  Probe  
  39  3:27  Probe  
  39  3:29  Probe  
  41  3:39  Probe  
  42  3:42  Forge  
  42  3:44  Gateway  
  42  3:48  Probe  
  43  3:49  Charge  
  43  3:51  Probe  
  44  3:57  Gateway  
  44  4:00  Probe  
  44  4:01  Gateway  
  45  4:03  Probe  
  46  4:15  Robotics Facility  
  46  4:16  Protoss Ground Weapons Level 1  
  46  4:27  Gateway  
  46  4:33  Pylon  
  46  4:58  Gateway  
  46  5:01  Gateway  
  46  5:02  Warp Prism  
  46  5:03  Zealot, Pylon  
  46  5:04  Zealot x3  
  56  5:08  Probe x2  
  58  5:20  Assimilator  
  58  5:21  Probe x2  
  59  5:25  Zealot x2, Assimilator  
  59  5:26  Zealot x3  
  70  5:40  Pylon  
  70  5:42  Pylon  
  70  5:43  Observer  
  70  5:44  Pylon x2  
  70  5:46  Pylon  
  70  6:03  Zealot x2  
  70  6:04  Zealot x3  
  76  6:22  Nexus  
  76  6:25  Zealot x4  
  74  6:26  Sentry x3  
  66  6:47  Zealot x4  
  74  6:57  Templar Archives  
  74  6:58  Zealot x3  
  72  7:14  Zealot x4  
  78  7:19  Zealot x2  
  78  7:20  Zealot  
  78  7:21  Probe x2  
  62  7:37  Psionic Storm  
  62  7:38  Probe x2  
  62  7:40  Probe  
  61  7:50  Probe  
  62  7:52  Probe  
  62  7:53  Probe  
  64  8:01  High Templar x2  
  64  8:02  Probe, High Templar  
  64  8:03  High Templar  
  64  8:05  Probe  
  74  8:14  Zealot x3  
  74  8:18  Probe x3  
  77  8:31  Probe x3  
  77  8:34  Immortal  
  82  8:35  Protoss Ground Weapons Level 2  
  82  8:46  Zealot x3  
  88  8:58  Probe x3  
  91  9:08  High Templar x2  
  89  9:10  Probe x3  
  89  9:14  Pylon  
  89  9:15  Immortal  
  89  9:16  Pylon  
  96  9:18  Assimilator  
  96  9:20  Assimilator  
  96  9:27  Probe x3  
  99  9:33  Sentry  
  99  9:34  Sentry x2  
  99  9:35  Zealot x2  
  109  9:40  Nexus  
  109  9:42  Pylon  
  109  9:54  Zealot  
  109  10:05  Sentry x4  
  109  10:06  Zealot x3  
  123  10:11  Blink  
  123  10:17  Gateway  
  123  10:18  Gateway  
  123  10:21  Gateway  
  123  10:24  Gateway  
  123  10:25  Dark Shrine  
  123  10:26  Gateway  
  123  10:27  Zealot x3  
  129  10:28  Zealot x2  
  129  10:29  Zealot x2  
  129  10:30  Pylon  
  129  10:31  Pylon  
  129  10:34  Pylon  
  125  10:51  Zealot x5  
  125  10:52  Zealot  
  125  10:54  Archon  
  125  10:55  Archon  
  125  10:57  Zealot  
  121  11:05  Probe x3  
  121  11:10  Protoss Ground Armor Level 1  
  121  11:11  Immortal  
  128  11:13  Zealot x6  
  140  11:24  Assimilator  
  140  11:26  Assimilator  
  140  11:27  Photon Cannon  
  140  11:28  Photon Cannon  
  140  11:31  Photon Cannon  
  140  11:32  Pylon  
  136  11:34  Probe  
  136  11:35  Probe  
  136  11:36  High Templar x5  
  136  11:38  Zealot  
  136  11:39  Zealot x4  
  150  11:42  Zealot  
  150  11:43  Zealot  
  154  11:57  Immortal, Pylon  
  158  12:33  Nexus  
  158  12:35  Pylon  
  154  12:38  Stalker  
  154  12:39  Stalker x8  
  154  12:41  High Templar x3  
  154  12:43  Archon  
  178  12:51  Gateway  
  178  13:05  Zealot x5  
  186  13:06  Dark Templar, Zealot x2  
  186  13:08  Zealot  
Show
View Real Time Build Order
Export as new Build Order

EndOfLine Zerg 

Build Orders: 3 Hatch before Pool, Lurkers 

Get SALT Encoding   

  12  0:01  Drone  
  13  0:13  Overlord  
  13  0:18  Drone  
  14  0:31  Drone x2  
  14  0:35  Drone  
  17  0:54  Hatchery  
  17  0:56  Drone  
  17  0:59  Drone  
  18  1:20  Hatchery  
  18  1:23  Drone  
  18  1:26  Drone  
  19  1:40  Spawning Pool  
  19  1:43  Extractor  
  19  1:44  Drone  
  18  1:47  Drone  
  18  1:53  Drone  
  20  2:08  Drone  
  20  2:09  Drone  
  22  2:18  Drone x2  
  24  2:27  Queen  
  24  2:28  Queen  
  28  2:32  Queen  
  28  2:36  Overlord  
  30  2:40  Zergling x2  
  31  2:44  Metabolic Boost  
  31  2:47  Zergling x2  
  31  2:49  Drone  
  33  2:55  Drone x2  
  35  3:00  Drone  
  35  3:01  Drone x2  
  38  3:10  Drone x3  
  38  3:11  Drone  
  42  3:22  Roach Warren  
  42  3:23  Overlord  
  42  3:25  Drone  
  41  3:43  Drone x9  
  41  3:44  Overlord  
  49  3:48  Extractor  
  49  3:49  Extractor  
  49  3:53  Evolution Chamber  
  49  3:55  Lair  
  46  3:59  Overlord  
  46  4:01  Roach  
  48  4:03  Roach  
  48  4:06  Drone x2  
  48  4:08  Drone  
  53  4:14  Roach x2  
  57  4:19  Roach x2  
  57  4:23  Extractor  
  60  4:28  Zerg Missile Weapons Level 1  
  60  4:29  Drone x3  
  63  4:34  Spore Crawler, Drone  
  63  4:43  Zergling x2  
  63  4:44  Zergling x4  
  63  4:45  Overlord  
  66  4:49  Overlord  
  66  4:54  Glial Reconstitution  
  66  4:55  Spore Crawler, Overlord  
  66  4:56  Overlord  
  66  4:59  Overseer  
  65  5:05  Zergling x2  
  65  5:06  Overlord  
  66  5:15  Roach  
  66  5:16  Roach x5  
  66  5:19  Drone  
  81  5:21  Roach  
  81  5:26  Roach  
  81  5:27  Roach, Zergling x2  
  86  5:31  Drone  
  87  5:42  Roach x5  
  97  5:58  Hydralisk Den  
  97  6:00  Hatchery  
  95  6:08  Roach x3  
  95  6:10  Overlord x2  
  90  6:22  Roach x6  
  94  6:25  Roach  
  94  6:29  Zergling x4  
  84  6:32  Zergling x4  
  84  6:36  Roach  
  84  6:38  Roach  
  84  6:41  Roach  
  84  6:42  Roach  
  82  6:47  Roach  
  82  6:48  Roach  
  82  6:49  Hydralisk  
  82  6:53  Roach  
  90  6:55  Roach  
  90  7:00  Roach  
  89  7:02  Roach x2  
  89  7:06  Roach  
  92  7:08  Roach  
  92  7:11  Roach  
  92  7:12  Roach  
  92  7:14  Zergling x2  
  97  7:16  Zergling x2  
  97  7:19  Zergling x4  
  97  7:22  Roach  
  92  7:23  Zergling x2  
  92  7:25  Roach  
  93  7:30  Roach x2  
  95  7:42  Zerg Melee Weapons Level 1  
  95  7:45  Muscular Augments  
  95  7:46  Baneling Nest, Hydralisk  
  95  7:49  Drone  
  97  8:00  Roach x3  
  97  8:03  Roach  
  105  8:08  Hatchery  
  104  8:15  Hydralisk  
  104  8:17  Overlord x2  
  103  8:21  Overlord  
  103  8:23  Hydralisk  
  104  8:32  Overlord  
  104  8:33  Overlord  
  104  8:36  Centrifical Hooks  
  104  8:43  Evolution Chamber  
  104  8:44  Hydralisk  
  105  8:53  Roach x2  
  105  8:55  Roach x2  
  103  9:04  Roach  
  103  9:05  Roach x2  
  107  9:12  Drone x3  
  107  9:16  Zergling x2  
  107  9:17  Zergling x4  
  113  9:29  Zergling x2, Baneling x2  
  113  9:30  Zergling x6  
  117  9:33  Zergling x4  
  119  9:42  Spore Crawler, Zergling x4  
  120  9:47  Baneling  
  120  9:48  Baneling x4  
  120  10:08  Zergling x16  
  120  10:09  Spine Crawler  
  120  10:13  Zerg Ground Armor Level 1  
  127  10:18  Zerg Missile Weapons Level 2  
  128  10:21  Zergling x4  
  116  10:49  Zergling x8  
  99  10:53  Lurker Den  
  53  10:58  Hydralisk  
  53  10:59  Hydralisk x8  
  53  11:03  Drone x3  
  74  11:12  Drone x2  
  76  11:31  Hydralisk  
  76  11:32  Hydralisk x4  
  78  11:33  Zergling x2  
  78  11:34  Zergling x4  
  80  11:46  Roach  
  82  11:47  Roach x2  
  82  11:48  Zergling x8  
  90  11:55  Roach  
  90  11:56  Roach x2  
  94  12:03  Zergling x6  
  94  12:08  Zergling x4  
  96  12:31  Lurker x3  
  96  12:32  Lurker  
  96  12:34  Hatchery  
  96  12:41  Hydralisk x2  
  96  12:42  Zergling x8  
  104  12:44  Zergling x2  
  104  12:48  Zergling x4  
  104  12:50  Zergling x2  
  108  12:52  Overseer  
  108  12:55  Zergling x4  
  110  12:59  Drone x2  
  110  13:04  Zergling x2  
  110  13:05  Zergling x4  
  109  13:17  Spine Crawler  
  109  13:19  Spine Crawler  
Tags
 
Add a new tag
Caveats
  • Supply blocks, unpowered buildings, or Contaminate may cause inaccurate times.
  • Supply counts are checked every 10 seconds.